 Dungeon Crawl Stone Soup version 0.31-a0-329-g52107efa6a (webtiles) character file.

Game seed: 971739780889923099

190 AdnanSaban the Covered (level 5, 0/33 HPs)
             Began as a Gargoyle Fighter on July 18, 2023.
             Frozen to death by an endoplasm (5 damage)
             ... on level 3 of the Dungeon.
             The game lasted 00:03:28 (2076 turns).

AdnanSaban the Covered (Gargoyle Fighter)           Turns: 2076, Time: 00:03:28

Health: 0/33       AC: 14    Str: 21    XL:     5   Next: 69%
Magic:  5/5        EV:  8    Int:  9    God:
Gold:   98         SH:  4    Dex:  9    Spells: 4/4 levels left

rFire   . . .        a - +0 flail
rCold   . . .        c - +0 buckler
rNeg    + . .        l - +0 chain mail
rPois   ∞            j - +0 helmet
rElec   +            (no cloak)
rCorr   .            (no gloves)
SInv    .            (no boots)
Will    .....        (no amulet) Stlth
                     (no ring)
HPRegen 0.25/turn    (no ring)
MPRegen 0.09/turn

%: no passive effects
@: no status effects
A: sickness immunity, AC +4, negative energy resistance 1, electricity
resistance, torment resistance 1, petrification resistance
a: no special abilities


You were on level 3 of the Dungeon.
You visited 1 branch of the dungeon, and saw 3 of its levels.

You collected 98 gold pieces.

Inventory:

Hand Weapons
 a - a +0 flail (weapon)
Armour
 c - a +0 buckler (worn)
 j - a +0 helmet (worn)
 l - a +0 chain mail (worn)
Scrolls
 b - a scroll of fog {unknown}
 e - a scroll of noise {unknown}
 h - 4 scrolls of identify {unknown}
 i - a scroll of revelation {unknown}
Potions
 d - 2 potions of might
 f - 4 potions of curing {unknown}
 g - a potion of degeneration {unknown}
 k - a potion of resistance {unknown}
 m - a potion of heal wounds {unknown}
 n - a potion of haste {unknown}


   Skills:
 + Level 4.2 Fighting
 + Level 3.9 Maces & Flails
 + Level 4.3 Armour
 + Level 4.0 Shields


You had 4 spell levels left.
You didn't know any spells.
Your spell library contained the following spells:

 Spells                   Type           Power      Damage    Failure   Level
 Freeze                   Ice            0%         1d3       98%         1
 Poisonous Vapours        Pois/Air       0%         N/A       99%         2
 Frozen Ramparts          Ice            0%         1d1       100%        3
 Hailstorm                Conj/Ice       0%         3d3       100%        3
 Mephitic Cloud           Conj/Pois/Air  0%         N/A       100%        3
 Freezing Cloud           Conj/Ice/Air   0%         6-21      100%        5


Dungeon Overview and Level Annotations

Branches:
Dungeon (3/15)

Altars:
Ashenzari
Hepliaklqana
Kikubaaqudgha
Xom

Shops:
D:1 !   D:2 =   D:3 =


Innate Abilities, Weirdness & Mutations

You are immune to sickness and miasma.
Your stone body is resilient. (AC +4)
You are immune to poison.
You resist negative energy. (rN+)
You are resistant to electric shocks. (rElec)
You are resistant to unholy torment.
You are immune to petrification.


Message History

* * * LOW HITPOINT WARNING * * *
The endoplasm hits you but does no damage.
The ball python bites you but does no damage.
The ball python constricts you.
You closely miss the ball python.
The endoplasm hits you but does no damage.
The ball python bites you but does no damage.
The ball python constricts you.
* * * LOW HITPOINT WARNING * * *
You sock the ball python!
You kill the ball python!
You block the endoplasm's attack.
The endoplasm hits you but does no damage.
There is an open door here.
You are no longer corroded.
The endoplasm attacks as you move away! The endoplasm barely misses you.
The endoplasm attacks as you move away! You block the endoplasm's attack.
The endoplasm quivers.
There is an open gate here.
The endoplasm attacks as you move away!
The endoplasm hits you but does no damage.
The kobold throws a stone.
The stone hits you but does no damage. The endoplasm attacks as you move away!
The endoplasm barely misses you.
You see here a +0 robe.
The endoplasm attacks as you move away!
The endoplasm hits you but does no damage.
You sock the endoplasm!
You kill the endoplasm!
You barely miss the endoplasm. The endoplasm freezes you.
You are frozen.
* * * LOW HITPOINT WARNING * * *
You barely miss the endoplasm. The endoplasm freezes you.
You are frozen.
* * * LOW HITPOINT WARNING * * *
You barely miss the endoplasm. You block the endoplasm's attack.
The endoplasm freezes you.
You are frozen.
You die...

#. ### #. ######## ### ##.######.
.......# ##.## ##.#.##....
.§§§...## ##.#.## #.#........
≈§§§≈...###.###.##### ##..>##....
.§..≈.#....##.......######.......
###.≈.#####.#.#K##......###......
#.≈.## ##...J@........ ##.....
#.§..######.J###......# ##....
..#.≈.....# #..###...#..# ##...
#.#.≈.###.# #.[#......... ##..
....§.# #.# #........#.## ###
≈≈≈.≈.# #.# #K.......#.# +.
......###)###..........# ## ##.
##.......)...J...).....# ... .#.
####..)......)..).....##... .##


You could see 2 endoplasms and a kobold.

Vanquished Creatures
  A jelly (D:3)
  An orc wizard (D:3)
  4 gnolls (D:2)
  2 worms
  2 dart slugs
  2 orcs (D:3)
  10 endoplasms
  3 giant cockroaches (D:1)
  3 goblins (D:2)
  A hobgoblin (D:1)
  7 jackals
  12 kobolds
  4 quokkas
  9 ball pythons
  7 bats
  2 frilled lizards (D:2)
  10 rats
80 creatures vanquished.

Notes
Turn   | Place    | Note
-------+----------+-------------------------------------------
     0 | D:1      | AdnanSaban the Gargoyle Fighter began the quest for the
                  | Orb.
     0 | D:1      | Reached XP level 1. HP: 14/14 MP: 1/1
   231 | D:1      | Reached XP level 2. HP: 18/19 MP: 2/2
   370 | D:1      | Reached XP level 3. HP: 22/23 MP: 3/3
   497 | D:1      | Found Gomeod's Distillery.
   680 | D:1      | Found a faded altar of an unknown god.
   803 | D:2      | Found Heeza's Jewellery Shop.
   975 | D:2      | Reached XP level 4. HP: 22/29 MP: 4/4
  1105 | D:2      | Found an ancient bone altar of Kikubaaqudgha.
  1515 | D:3      | Found a broken altar of Ashenzari.
  1650 | D:3      | Found Daethresm's Jewellery Emporium.
  1655 | D:3      | Found a hazy altar of Hepliaklqana.
  1696 | D:3      | Found a shimmering altar of Xom.
  1727 | D:3      | Reached XP level 5. HP: 33/33 MP: 5/5
  2076 | D:3      | Frozen to death by an endoplasm

Illustrated notes

Levels and vault maps discovered:
D:1:      onia_arrival_handbag, layout_basic, chequers_ecumenical_altar_twisty,
          serial_shops, nicolae_shop_pleasant_corner_grove, minivault_25
D:2:      minmay_angry_zag, layout_loops_cross, serial_shops,
          nicolae_shop_tiny_statue_garden, basic_altar
D:3:      cheibrodos_fertilizer, layout_loops_ring,
          mainiacjoe_overflow_brackets, nicolae_ashenzari_panopticon,
          xom_teletrap_fun, mainiacjoe_overflow_tiny_flanked, serial_shops,
          nicolae_shop_tiny_real_fake_doors

Skill      XL: |  1  2  3  4  5 |
---------------+----------------+-----
Maces & Flails | 3 |  3.9
Armour         | 4 |  4.3
Fighting       | 4 |  4.2
Shields        | 4 |  4.0

Action                     |  1- 3 |  4- 6 || total
---------------------------+-------+-------++-------
  Melee: Flail             |   145 |    92 ||   237
 Armour: Scale mail        |    81 |    16 ||    97
         Chain mail        |       |    75 ||    75
  Dodge: Dodged            |    90 |    44 ||   134
  Block: Buckler           |    34 |    25 ||    59

Table legend: (Time is in decaauts)
 A = Elapsed time spent in this place.
 B = Non-inter-level travel time spent in this place.
 C = Inter-level travel time spent in this place.
 D = Time resting spent in this place.
 E = Time spent auto-exploring this place.
 F = Levels seen in this place.
 G = Mean time per level.
                   A        B        C        D        E       F      G
               +--------+--------+--------+--------+--------+-----+--------+
         Total |   2144 |   2124 |     20 |      0 |   1567 |   3 |  714.7 |
       Dungeon |   2144 |   2124 |     20 |      0 |   1567 |   3 |  714.7 |
               +--------+--------+--------+--------+--------+-----+--------+

Top non-repeatable levels by time:
     D:1: 827 daAuts
     D:2: 709 daAuts
     D:3: 607 daAuts
